 Dungeon Sprint DCSS version 0.30-a0-949-g53dc5368d7 (webtiles) character file.

Game seed: 13622510569144423689

198637 testman the End of an Era (level 18, -9/179 HPs)
             Began as a Demonspawn Gladiator on Mar 27, 2023.
             Was the Champion of Qazlal.
             Mangled by a searing wretch (17 damage)
             ... in the Dungeon (Sprint V: "Ziggurat Sprint").
             The game lasted 00:49:47 (3095 turns).

testman the End of an Era (Demonspawn Gladiator)    Turns: 3095, Time: 00:49:48

Health: -9/179     AC: 51    Str: 24    XL:     18   Next: 22%
Magic:  31/44      EV: 12    Int:  4    God:    Qazlal [******]
Gold:   1036       SH: 49    Dex: 12    Spells: 17/17 levels left

rFire   + . .      SeeInvis .    b - +11 lance "Wyrmbane" {slay drac, rPois rF+ rC+ AC+3}
rCold   + . .      Faith    .    G - +18 shield of the Gong {Loud rN+ Will+ rCorr EV-5}
rNeg    + + .      Spirit   .    I - +15 Maxwell's patent armour {-Cast -Tele rElec Will+ rCorr}
rPois   +          Reflect  +    c - +0 helmet
rElec   +          Rampage  .    y - scarf of Luto {+Inv, rElec}
rCorr   +          NoTele   +    Z - +1 pair of gloves {hurl}
Will    ++++.      NoCast   +    A - +1 pair of boots "Ticreig" {Int-5 Slay+6} Stlth
                                 U - amulet of the Sky {Reflect Will+ Regen+ Dex-4 SH+5}
HPRegen 1.29/turn                J - ring of Baecror {rN+ MP+9 Str+4 Int-2 Slay+4}
MPRegen 0.29/turn                C - ring of the Octopus King {Fly HP+2 AC+2 EV+2 SH+2}

@: flying, studying 3 skills, repel missiles
A: thin metallic scales 2, demonic guardian 3, ignite blood 2, augmentation 1,
weakness stinger 2
a: Renounce Religion, Evoke Invisibility, Upheaval, Elemental Force, Disaster
Area


You were in the Dungeon.
You worshipped Qazlal.
Qazlal was exalted by your worship.
You visited 1 branch You collected 1036 gold pieces.

Inventory:

Hand Weapons
 b - the +11 lance "Wyrmbane" (weapon) {slay drac, rPois rF+ rC+ AC+3}
   (You found it in the Dungeon)

   AC:        It affects your AC (+3).
   rF:        It protects you from fire.
   rC:        It protects you from cold.
   rPois:     It protects you from poison.
 O - the +7 lajatang of Order {silver, rMut}
   (You found it in the Dungeon)

   rMut:      It protects you from mutation.
Missiles
 d - 3 throwing nets (quivered)
 e - a javelin
Armour
 c - a +0 helmet (worn)
 y - the scarf of Luto (worn) {+Inv, rElec}
   (You acquired it in the Dungeon)

   rElec:     It insulates you from electricity.
 A - the +1 pair of boots "Ticreig" (worn) {Int-5 Slay+6}
   (You found it in the Dungeon)

   Int:       It affects your intelligence (-5).
   Slay:      It affects your accuracy & damage with ranged weapons and melee
   (+6).
 G - the +18 shield of the Gong (worn) {Loud rN+ Will+ rCorr EV-5}
   (You found it in the Dungeon)

   Loud:      It is deafeningly noisy when blocking attacks.
   EV:        It affects your evasion (-5).
   rN:        It protects you from negative energy.
   rCorr:     It protects you from acid and corrosion.
   Will:      It increases your willpower.
 H - +5 fire dragon scales
 I - the +15 Maxwell's patent armour (worn) {-Cast -Tele rElec Will+ rCorr}
   (You found it in the Dungeon)

   rElec:     It insulates you from electricity.
   -Cast:     It prevents spellcasting.
   -Tele:     It prevents most forms of teleportation.
   rCorr:     It protects you from acid and corrosion.
   Will:      It increases your willpower.
 M - a +2 pair of boots of rampaging
 V - the +2 shield of Resistance {rF++ rC++ Will++}
   (You found it in the Dungeon)

   rF:        It greatly protects you from fire.
   rC:        It greatly protects you from cold.
   Will:      It greatly increases your willpower.
 Z - a +1 pair of gloves of hurling (worn)
Jewellery
 z - the ring of Elyvilon's Grace {rN++ Will+ Int+6 Dex+2 Stlth-}
   (You found it in the Dungeon)

   [ring of intelligence]

   Int:       It affects your intelligence (+6).
   Dex:       It affects your dexterity (+2).
   rN:        It greatly protects you from negative energy.
   Will:      It increases your willpower.
   Stlth:     It makes you less stealthy.
 B - the amulet of Nissoon {Acrobat Rampage}
   (You found it in the Dungeon)

   [amulet of the acrobat]

   It increases your evasion while moving and waiting.
   Rampage:   It bestows one free step when moving towards enemies.
 C - a ring of the Octopus King (right hand) {Fly HP+2 AC+2 EV+2 SH+2}
   (You found it in the Dungeon)

   [ring of flight]

   AC:        It affects your AC (+2).
   EV:        It affects your evasion (+2).
   HP:        It affects your health (+2).
   Fly:       It grants you flight.
   SH:        It affects your SH (+2).
 D - the ring of Vipuh {+Blink Fly Str-2 Dex+4}
   (You found it in the Dungeon)

   [ring of flight]

   Str:       It affects your strength (-2).
   Dex:       It affects your dexterity (+4).
   Fly:       It grants you flight.
   +Blink:    It lets you blink.
 J - the ring of Baecror (left hand) {rN+ MP+9 Str+4 Int-2 Slay+4}
   (You found it in the Dungeon)

   [ring of magical power]

   Str:       It affects your strength (+4).
   Int:       It affects your intelligence (-2).
   Slay:      It affects your accuracy & damage with ranged weapons and melee
   (+4).
   rN:        It protects you from negative energy.
   MP:        It affects your magic capacity (+9).
 L - the ring of Entrepreneurial Spirit {rCorr Dex+2}
   (You found it in the Dungeon)

   [ring of resist corrosion]

   Dex:       It affects your dexterity (+2).
   rCorr:     It protects you from acid and corrosion.
 N - the amulet of Seibluf {Acrobat Int+3 SInv}
   (You found it in the Dungeon)

   [amulet of the acrobat]

   It increases your evasion while moving and waiting.
   Int:       It affects your intelligence (+3).
   SInv:      It lets you see invisible.
 P - the ring "Gaqu" {rElec rPois rC+ rCorr AC+4}
   (You found it in the Dungeon)

   [ring of protection]

   AC:        It affects your AC (+4).
   rC:        It protects you from cold.
   rElec:     It insulates you from electricity.
   rPois:     It protects you from poison.
   rCorr:     It protects you from acid and corrosion.
 T - a +5 ring of evasion
 U - the amulet of the Sky (around neck) {Reflect Will+ Regen+ Dex-4 SH+5}
   (You took it off a spriggan air mage in the Dungeon)

   [amulet of reflection]

   It reflects blocked missile attacks.
   Dex:       It affects your dexterity (-4).
   Regen:     It increases your rate of health regeneration.
   SH:        It affects your SH (+5).
   Will:      It increases your willpower.
 W - the ring of Liony {rC+ SInv}
   (You found it in the Dungeon)

   [ring of see invisible]

   rC:        It protects you from cold.
   SInv:      It lets you see invisible.
 X - a ring of protection from fire
Wands
 u - a wand of mindburst (7)
 v - a wand of iceblast (7)
 w - a wand of quicksilver (7)
Scrolls
 k - 4 scrolls of blinking
 q - 4 scrolls of amnesia
 r - 7 scrolls of fog
 s - 5 scrolls of identify
 t - 2 scrolls of fear
Potions
 f - 10 potions of curing
 g - 16 potions of heal wounds
 h - 15 potions of haste
 i - 6 potions of magic
 j - 3 potions of berserk rage
 l - 2 potions of brilliance
 m - 2 potions of invisibility
 n - 4 potions of resistance
 p - 8 potions of might
Miscellaneous
 a - a condenser vane
 o - a phial of floods
 E - a lightning rod (4/4)
 K - a tin of tremorstones (2/2)
 Q - a phantom mirror
 R - a box of beasts
 Y - a piece from Xom's chessboard (15/15)


   Skills:
 + Level 25.0 Fighting
 - Level 22.1 Polearms
 + Level 19.5 Throwing
 + Level 23.1 Armour
 + Level 20.0 Dodging
 + Level 23.1 Shields
 O Level 27 Invocations
 + Level 21.0 Evocations


You had 17 spell levels left.
You didn't know any spells.
Your spell library contained the following spells:

 Spells                   Type           Power      Damage    Failure   Level
 Apportation              Tloc           0%         N/A       97%         1
 Magic Dart               Conj           0%         1d3       97%         1
 Necrotise                Necr           0%         1d4       97%         1
 Sandblast                Erth           0%         2d4       97%         1
 Shock                    Conj/Air       0%         1d3       97%         1
 Sting                    Tmut/Pois      0%         1d3       97%         1
 Summon Small Mammal      Summ           0%         N/A       97%         1
 Call Imp                 Summ           0%         N/A       99%         2
 Cigotuvi's Dreadful Rot  Necr/Pois/Air  0%         N/A       99%         2
 Momentum Strike          Conj/Tloc      0%         3d8       99%         2
 Passwall                 Tmut/Erth      0%         N/A       99%         2
 Poisonous Vapours        Pois/Air       0%         N/A       99%         2
 Searing Ray              Conj           0%         2d4       99%         2
 Static Discharge         Conj/Air       0%         2-2/arc   99%         2
 Sublimation of Blood     Necr           0%         N/A       99%         2
 Call Canine Familiar     Summ           0%         N/A       100%        3
 Dazzling Flash           Conj/Hex       0%         N/A       100%        3
 Gell's Gravitas          Tloc           0%         N/A       100%        3
 Hailstorm                Conj/Ice       0%         3d3       100%        3
 Ignite Poison            Fire/Tmut/Pois 0%         N/A       100%        3
 Inner Flame              Hex/Fire       0%         N/A       100%        3
 Kindle Blastsparks       Fire/Tloc/Air  0%         2d10      100%        3
 Mephitic Cloud           Conj/Pois/Air  0%         N/A       100%        3
 Portal Projectile        Hex/Tloc       0%         N/A       100%        3
 Spider Form              Tmut/Pois      0%         N/A       100%        3
 Stone Arrow              Conj/Erth      0%         3d7       100%        3
 Summon Guardian Golem    Hex/Summ       0%         N/A       100%        3
 Teleport Other           Tloc           0%         N/A       100%        3
 Tukima's Dance           Hex            0%         N/A       100%        3
 Airstrike                Air            0%         2d(0-16)  100%        4
 Anguish                  Hex/Necr       0%         N/A       100%        4
 Animate Dead             Necr           0%         N/A       100%        4
 Flame Wave               Conj/Fire      0%         2d4       100%        4
 Fulminant Prism          Conj/Hex       0%         3d5       100%        4
 Iskenderun's Mystic Bla  Conj/Tloc      0%         2d3       100%        4
 Olgreb's Toxic Radiance  Pois           0%         N/A       100%        4
 Passage of Golubria      Tloc           0%         N/A       100%        4
 Petrify                  Tmut/Erth      0%         N/A       100%        4
 Sticky Flame             Conj/Fire      0%         2d3       100%        4
 Summon Ice Beast         Ice/Summ       0%         N/A       100%        4
 Summon Lightning Spire   Summ/Air       0%         N/A       100%        4
 Alistair's Intoxication  Tmut/Pois      0%         N/A       100%        5
 Blade Hands              Tmut           0%         N/A       100%        5
 Borgnjor's Vile Clutch   Necr/Erth      0%         N/A       100%        5
 Fireball                 Conj/Fire      0%         3d3       100%        5
 Freezing Cloud           Conj/Ice/Air   0%         6-21      100%        5
 Irradiate                Conj/Tmut      0%         3d11      100%        5
 Metabolic Englaciation   Hex/Ice        0%         N/A       100%        5
 Plasma Beam              Fire/Air       0%         2x1d11    100%        5
 Summon Mana Viper        Hex/Summ       0%         N/A       100%        5
 Yara's Violent Unravell  Hex/Tmut       0%         3d3       100%        5
 Conjure Ball Lightning   Conj/Air       0%         3x3d6     100%        6
 Death Channel            Necr           0%         N/A       100%        6
 Dispersal                Tloc           0%         N/A       100%        6
 Simulacrum               Ice/Necr       0%         N/A       100%        6
 Starburst                Conj/Fire      0%         6d3       100%        6
 Statue Form              Tmut/Erth      0%         N/A       100%        6
 Summon Cactus Giant      Summ           0%         N/A       100%        6
 Dragon Form              Tmut           0%         N/A       100%        7
 Haunt                    Necr/Summ      0%         N/A       100%        7
 Malign Gateway           Summ/Tloc      0%         N/A       100%        7
 Monstrous Menagerie      Summ           0%         N/A       100%        7
 Orb of Destruction       Conj           0%         9d5       100%        7
 Ozocubu's Refrigeration  Ice            0%         4d7       100%        7
 Spellforged Servitor     Conj/Summ      0%         N/A       100%        7
 Borgnjor's Revivificati  Necr           0%         N/A       100%        8
 Ignition                 Fire           0%         3d3       100%        8
 Necromutation            Tmut/Necr      0%         N/A       100%        8
 Chain Lightning          Conj/Air       0%         N/A       100%        9
 Death's Door             Necr           0%         N/A       100%        9
 Fire Storm               Conj/Fire      0%         5d1       100%        9
 Polar Vortex             Ice            0%         N/A       100%        9


Dungeon Overview and Level Annotations

Branches:
Dungeon (1/1)

Altars:
Ashenzari
Cheibriados
Dithmenos
Fedhas
Gozag
Hepliaklqana
Kikubaaqudgha
Makhleb
Nemelex Xobeh
Okawaru
Qazlal
Ru
Sif Muna
Trog
Uskayaw
Vehumet
Wu Jian
Xom
Yredelemnul
Jiyva
Lugonu


Innate Abilities, Weirdness & Mutations

You are mostly covered in thin metallic scales. (AC +3)
A powerful demonic guardian rushes to your aid.
Your demonic aura often causes spilled blood to erupt in flames.
Your magical and physical power is slightly enhanced at high health.
You have a tail ending in a sharp stinger.


Message History

Something smites you!
* * * LOW HITPOINT WARNING * * *
You feel much better.
Your air elemental hits the fire vortex.
Your air elemental hits the searing wretch!
The fire vortex sizzles in the rain.
The tormentor misses your air elemental.
The tormentor hits your air elemental.
The fire vortex sizzles in the rain.
The fire vortex is engulfed in a thunderstorm.
The balrug hits your air elemental with a +3 demon whip!
Your air elemental is destroyed!
Your air elemental disappears in a puff of smoke!
You block the searing wretch's attack.
BONNNG!
You block the searing wretch's attack.
SHROANNG!
The searing wretch bites you but does no damage.
The Brimstone Fiend calls on the powers of darkness!
The fire giant convulses! x2; Your body is wracked with pain!
* * * LOW HITPOINT WARNING * * *
The searing wretch claws your air elemental!!
Your air elemental is engulfed in flames!!
Your air elemental is destroyed!
Your air elemental disappears in a puff of smoke!
The fire giant gestures at you while chanting.
The bolt of fire hits the fire vortex.
The fire vortex completely resists.
The bolt of fire hits the searing wretch.
The searing wretch completely resists.
The bolt of fire hits you but does no damage.
The hellephant is engulfed in blazing flames.
The hellephant blinks!
A searing wretch comes into view.
The tormentor is engulfed in a thunderstorm.
The balrug gestures at you. Something smites you!
* * * LOW HITPOINT WARNING * * *
The searing wretch claws you!!
* * * LOW HITPOINT WARNING * * *
You are engulfed in flames!
You resist.
You die...

▓▓▓▓ ...▓
1)n§.≈:≈.))[|.▓
)).▓
)§2)n)≈§|)})v.▓
}).▓
nC2§§≈22§2.§..▓
.[.▓
h2≈n†2§○§○Y§n.▓
...▓
≈≈C§).vn☼n§§..▓
(..▓
...§○☼§.v.§.§.▓
...▓
....○vnvnvn§v.▓
)..▓
..h≈Y..@..°°..▓
...▓
....≈.°§EE°....▓
...▓
......≈§.§.§....▓
...▓
................▓
...▓
........E.§.....▓
...▓
▓........§▓....▓
...▓ .
▓▓.......▓▓▓...▓
...▓
..▓.........▓....▓
...▓
.................▓


You could see 2 hellephants, 10 searing wretches, a Brimstone Fiend, 2 fire
giants, 5 balrugs, 2 hell hogs, 2 tormentors, 7 fire vortices and 3 friendly air
elementals.

Vanquished Creatures
  An ancient lich (D)
  4 caustic shrikes (D)
  2 Brimstone Fiends (D)
  12 electric golems (D)
  2 hellephants (D)
  3 iron giants (D)
  A lich (D)
  A Hell Sentinel (D)
  8 titans (D)
  3 searing wretches (D)
  3 ancient champions (D)
  6 acid blobs (D)
  2 shadow dragons (D)
  17 storm dragons (D)
  A rockslime (D)
  15 fire giants (D)
  4 azure jellies (D)
  11 balrugs (D)
  8 quicksilver elementals (D)
  A deep elf sorcerer (D)
  8 frost giants (D)
  2 orc warlords (D)
  A war gargoyle (D)
  A quicksilver ooze (D)
  6 very ugly things (D)
  12 stone giants (D)
  3 deep elf annihilators (D)
  7 ettins (D)
  5 iron golems (D)
  A deep elf high priest (D)
  A yaktaur captain (D)
  2 great orbs of eyes (D)
  2 hydras (D)
  2 salamander tyrants (D)
  14 spriggan air magi (D)
  2 dancing weapons (D)
  3 stokers (D)
  2 spriggan berserkers (D)
  3 death yaks (D)
  9 hell hogs (D)
  A vampire mage (D)
  A shock serpent (shapeshifter) (D)
  2 crystal echidnas (D)
  4 soul eaters (D)
  A skyshark (shapeshifter) (D)
  4 deep elf knights (D)
  A skeletal warrior (D)
  A spriggan druid (D)
  3 deep elf pyromancers (D)
  3 deep elf archers (D)
  3 orc knights (D)
  An orc sorcerer (D)
  An ugly thing (D)
  4 deep elf zephyrmancers (D)
  4 shining eyes (D)
  A black mamba (D)
  10 cyclopes (D)
  An eye of devastation (D)
  A cane toad (D)
  A rime drake (D)
  3 hellions (D)
  2 yaktaurs (D)
  2 komodo dragons (D)
  A yaktaur (shapeshifter) (D)
  A polar bear (shapeshifter) (D)
  2 trolls (D)
  11 wind drakes (D)
  A polar bear (D)
  A hornet (D)
  2 blink frogs (D)
  A snapping turtle (shapeshifter) (D)
  17 slime creatures (D)
  2 yaks (D)
  14 air elementals (D)
  A vampire (D)
  2 shadows (D)
  3 spriggans (D)
  A human (shapeshifter) (D)
  A golden eye (shapeshifter) (D)
  5 neqoxecs (D)
  3 wargs (D)
  3 water moccasins (D)
  10 orc warriors (D)
  2 black bears (D)
  A centaur (D)
  2 ogres (D)
  4 wolves (D)
  A phantom (D)
  3 bullfrogs (D)
  A necrophage (D)
  An earth elemental (D)
  A wight (D)
  A quasit (D)
  2 orc priests (D)
  4 jellies (D)
  2 iguanas (D)
  An orc wizard (D)
  3 river rats (D)
  A shadow imp (D)
  A spectral adder (D)
  An adder skeleton (D)
  2 orcs (D)
  2 spectral bats (D)
  2 bat skeletons (D)
  A bat zombie (D)
  2 endoplasms (D)
  4 ball python skeletons (D)
  A spectral jackal (D)
  A creeping inferno (D)
  2 fire vortices (D)
377 creatures vanquished.

Vanquished Creatures (collateral kills)
  A quicksilver elemental (D)
  A deep elf sorcerer (D)
  A dancing weapon (D)
  A hornet (shapeshifter) (D)
  A wind drake (D)
  An air elemental (D)
6 creatures vanquished.

Vanquished Creatures (others)
  An ancient lich (D)
  A fire vortex (D)
2 creatures vanquished.

Grand Total: 385 creatures vanquished

Notes
Turn   | Place    | Note
-------+----------+-------------------------------------------
     0 | D        | testman the Demonspawn Gladiator began the quest for the
                  | Orb.
     0 | D        | Reached XP level 1. HP: 16/16 MP: 1/1
     0 | D        | Found a shimmering blue altar of Sif Muna.
     0 | D        | Found a sacrificial altar of Ru.
     0 | D        | Found a bloodstained altar of Trog.
     0 | D        | Found a stormy altar of Qazlal.
     0 | D        | Found an iron altar of Okawaru.
     0 | D        | Found a sparkling altar of Nemelex Xobeh.
     0 | D        | Found a blossoming altar of Fedhas.
     0 | D        | Found the +6 Majin-Bo {spellvamp, MP+6 Int+6}
     0 | D        | Found the +27 heavy crossbow "Sniper" {heavy, Acc+∞ SInv}
     0 | D        | Found the +10 dark maul {heavy}
     0 | D        | Found the +15 Maxwell's patent armour {-Cast -Tele rElec
                  | Will+ rCorr}
     0 | D        | Found the +18 shield of the Gong {Loud rN+ Will+ rCorr
                  | EV-5}
     0 | D        | Found the +16 obsidian axe {drain, demonic, Mesm Drain Fly
                  | SInv}
     0 | D        | Found the +7 great mace "Firestarter" {flame, inner flame,
                  | rFlCloud rF++}
     0 | D        | Found the +6 shillelagh "Devastator" {shatter}
     0 | D        | Found the +11 plutonium sword {Contam Stlth-}
     0 | D        | Found the +8 lance "Wyrmbane" {slay drac, rPois rF+ rC+
                  | AC+3}
     0 | D        | Found the +9 sword of Zonguldrok {reap}
     0 | D        | Found the +13 scythe of Curses {drain, curses, Drain}
     0 | D        | Found the +9 sword of Power {lifebolt}
     0 | D        | Found the +7 mace of Variability {chaos, chain chaos}
     0 | D        | Found the +11 Singing Sword {sonic wave}
     0 | D        | Found the +8 storm bow {elec, penet}
     2 | D        | Found a transporter.
     2 | D        | Found an ancient bone altar of Kikubaaqudgha.
     2 | D        | Found a viscous altar of Jiyva.
     2 | D        | Found a corrupted altar of Lugonu.
     2 | D        | Found a hazy altar of Hepliaklqana.
     2 | D        | Found a burning altar of Makhleb.
     2 | D        | Found an opulent altar of Gozag.
    18 | D        | Became a worshipper of Qazlal Stormbringer
    68 | D        | Gained mutation: A weak demonic guardian rushes to your
                  | aid. [demonic ancestry]
    68 | D        | Reached XP level 2. HP: 25/25 MP: 2/2
    80 | D        | Entered arena 2.
    80 | D        | Found a transporter.
    98 | D        | Reached skill level 2 in Invocations
    98 | D        | Reached XP level 3. HP: 31/31 MP: 2/4
   109 | D        | Got the Enchiridion on Intoxicating Transfiguration
   120 | D        | Entered arena 3.
   120 | D        | Found a transporter.
   122 | D        | Reached * piety under Qazlal
   127 | D        | Reached skill level 5 in Fighting
   127 | D        | Reached skill level 5 in Polearms
   127 | D        | Reached skill level 3 in Invocations
   127 | D        | Gained mutation: Your demonic aura sometimes causes spilled
                  | blood to erupt in flames. [demonic ancestry]
   127 | D        | Reached XP level 4. HP: 35/39 MP: 4/6
   147 | D        | Entered arena 4.
   147 | D        | Found a transporter.
   151 | D        | Reached ** piety under Qazlal
   152 | D        | Reached skill level 4 in Invocations
   155 | D        | Reached XP level 5. HP: 45/45 MP: 6/8
   165 | D        | Got Sif Muna's Parchment of the Amorphous Familiar
   171 | D        | Entered arena 5.
   171 | D        | Noticed a phantom
   171 | D        | Found a transporter.
   172 | D        | Reached *** piety under Qazlal
   173 | D        | Reached skill level 5 in Armour
   173 | D        | Reached skill level 5 in Shields
   173 | D        | Reached skill level 5 in Invocations
   178 | D        | Killed a phantom
   179 | D        | Reached skill level 6 in Invocations
   179 | D        | Reached XP level 6. HP: 53/53 MP: 5/10
   223 | D        | Entered arena 6.
   223 | D        | Noticed a deep elf pyromancer
   223 | D        | Noticed a hornet
   223 | D        | Noticed a deep elf archer
   223 | D        | Noticed a deep elf zephyrmancer
   223 | D        | Noticed a deep elf archer
   223 | D        | Found a transporter.
   225 | D        | Killed a deep elf archer
   226 | D        | Reached skill level 8 in Invocations
   226 | D        | Gained mutation: You have a small tail. [demonic ancestry]
   226 | D        | Reached XP level 7. HP: 62/62 MP: 5/13
   226 | D        | Killed a deep elf zephyrmancer
   226 | D        | Reached **** piety under Qazlal
   227 | D        | Reached skill level 9 in Invocations
   227 | D        | Gained mutation: You are partially covered in thin metallic
                  | scales. (AC +2) [demonic ancestry]
   227 | D        | Reached XP level 8. HP: 69/69 MP: 5/15
   229 | D        | Killed a deep elf pyromancer
   230 | D        | Reached skill level 10 in Invocations
   231 | D        | Killed a hornet
   245 | D        | Killed a deep elf archer
   246 | D        | Reached skill level 11 in Invocations
   246 | D        | Gained mutation: You have a tail ending in a sharp stinger.
                  | [demonic ancestry]
   246 | D        | Reached XP level 9. HP: 75/78 MP: 7/17
   307 | D        | Entered arena 7.
   307 | D        | Noticed a shining eye
   307 | D        | Noticed an eye of devastation
   308 | D        | Reached ***** piety under Qazlal
   309 | D        | Killed a shining eye
   310 | D        | Reached skill level 10 in Fighting
   310 | D        | Found a transporter.
   317 | D        | Reached skill level 12 in Invocations
   321 | D        | Killed an eye of devastation
   325 | D        | Reached skill level 10 in Polearms
   438 | D        | Entered arena 8.
   438 | D        | Found the +7 lajatang of Order {silver, rMut}
   438 | D        | Noticed a spriggan rider
   451 | D        | Killed a spriggan rider
   452 | D        | Reached skill level 10 in Armour
   452 | D        | Reached skill level 10 in Shields
   452 | D        | Reached skill level 13 in Invocations
   452 | D        | Gained mutation: Your demonic aura often causes spilled
                  | blood to erupt in flames. [demonic ancestry]
   452 | D        | Reached XP level 10. HP: 86/88 MP: 13/20
   452 | D        | Found a transporter.
   490 | D        | Entered arena 9.
   491 | D        | Reached ****** piety under Qazlal
   492 | D        | Found a transporter.
   512 | D        | Entered arena 10.
   512 | D        | Noticed a cyclops
   512 | D        | Noticed a yaktaur captain
   512 | D        | Noticed a cyclops
   512 | D        | Noticed a cyclops
   512 | D        | Noticed a cyclops
   513 | D        | Found a transporter.
   514 | D        | Killed a cyclops
   514 | D        | Killed a cyclops
   514 | D        | Killed a cyclops
   514 | D        | Killed a yaktaur captain
   515 | D        | Reached skill level 14 in Invocations
   517 | D        | Killed a cyclops
   518 | D        | Reached skill level 15 in Invocations
   518 | D        | Gained mutation: You are mostly covered in thin metallic
                  | scales. (AC +3) [demonic ancestry]
   518 | D        | Reached XP level 11. HP: 90/96 MP: 12/22
   584 | D        | Acquired 1036 gold pieces
   586 | D        | Entered arena 11.
   586 | D        | Found the +2 shield of Resistance {rF++ rC++ Will++}
   586 | D        | Found the dreamshard necklace {*Dream Drain}
   586 | D        | Found the +7 sceptre of Torment {pain, torment}
   586 | D        | Noticed a deep elf knight
   586 | D        | Noticed a deep elf zephyrmancer
   586 | D        | Noticed a deep elf knight
   586 | D        | Noticed a deep elf knight
   586 | D        | Noticed a +0 mace of draining
   586 | D        | Noticed a deep elf knight
   586 | D        | Noticed a deep elf pyromancer
   587 | D        | Found a transporter.
   588 | D        | Killed a deep elf knight
   588 | D        | Killed a deep elf knight
   588 | D        | Killed a deep elf knight
   588 | D        | Killed a deep elf pyromancer
   590 | D        | Killed a deep elf knight
   591 | D        | Reached skill level 16 in Invocations
   593 | D        | Killed a deep elf zephyrmancer
   597 | D        | Killed a +0 mace of draining
   669 | D        | Entered arena 12.
   669 | D        | Noticed a lich
   670 | D        | Noticed an ancient lich
   670 | D        | Identified the +5 war axe "Killer Bee's Bane" {elec, rElec
                  | rF- rCorr Stlth+}
   670 | D        | Noticed a vampire mage
   670 | D        | Found a transporter.
   670 | D        | Noticed a skeletal warrior
   671 | D        | Killed a vampire mage
   671 | D        | Killed a skeletal warrior
   674 | D        | Killed a lich
   675 | D        | Reached skill level 17 in Invocations
   702 | D        | Killed an ancient lich
   703 | D        | Reached XP level 12. HP: 35/108 MP: 16/24
   918 | D        | Entered arena 13.
   918 | D        | Noticed an azure jelly
   919 | D        | Noticed a quicksilver ooze
   919 | D        | Found a transporter.
   920 | D        | Killed a quicksilver ooze
   921 | D        | Reached skill level 15 in Fighting
   921 | D        | Reached skill level 18 in Invocations
   925 | D        | Killed an azure jelly
   986 | D        | Acquired the scarf of Luto {+Inv, rElec}
  1005 | D        | Entered arena 14.
  1006 | D        | Identified the +11 short sword "Raodo" {freeze, *Corrode
                  | Int+4 Dex+4}
  1008 | D        | Found a transporter.
  1055 | D        | Got Sif Muna's Catalogue of Charmed Reformation
  1070 | D        | Entered arena 15.
  1071 | D        | Noticed an orc warlord
  1071 | D        | Noticed an orc warlord
  1072 | D        | Found a transporter.
  1074 | D        | Killed an orc warlord
  1075 | D        | Reached skill level 19 in Invocations
  1089 | D        | Killed an orc warlord
  1193 | D        | Got the ring of Elyvilon's Grace {rN++ Will+ Int+6 Dex+2
                  | Stlth-}
  1207 | D        | Entered arena 16.
  1208 | D        | Noticed a shadow dragon
  1208 | D        | Noticed a shadow dragon
  1210 | D        | Found a transporter.
  1215 | D        | Gained mutation: A demonic guardian rushes to your aid.
                  | [demonic ancestry]
  1215 | D        | Reached XP level 13. HP: 85/117 MP: 9/26
  1217 | D        | Killed a shadow dragon
  1221 | D        | Reached skill level 15 in Polearms
  1223 | D        | Reached skill level 5 in Throwing
  1223 | D        | Reached skill level 5 in Evocations
  1229 | D        | Killed a shadow dragon
  1317 | D        | Got the +1 pair of boots "Ticreig" {Int-5 Slay+6}
  1346 | D        | Entered arena 17.
  1348 | D        | Noticed a deep elf annihilator
  1348 | D        | Noticed a deep elf sorcerer
  1349 | D        | Noticed a deep elf annihilator
  1349 | D        | Noticed a deep elf annihilator
  1350 | D        | Paralysed by an air elemental for 1 turns
  1352 | D        | Noticed a deep elf sorcerer
  1353 | D        | Killed a deep elf annihilator
  1353 | D        | Killed a deep elf annihilator
  1353 | D        | Killed a deep elf annihilator
  1354 | D        | Reached skill level 15 in Armour
  1354 | D        | Reached skill level 15 in Shields
  1354 | D        | Reached skill level 20 in Invocations
  1354 | D        | Killed a deep elf sorcerer
  1354 | D        | Paralysed by an air elemental for 1 turns
  1358 | D        | Killed a deep elf sorcerer
  1360 | D        | Paralysed by an air elemental for 1 turns
  1490 | D        | Found a transporter.
  1501 | D        | Acquired a manual of Dodging
  1525 | D        | Entered arena 18.
  1527 | D        | Noticed a green very ugly thing
  1528 | D        | Noticed a purple very ugly thing
  1528 | D        | Noticed a purple very ugly thing
  1528 | D        | Noticed a white very ugly thing
  1528 | D        | Noticed a purple very ugly thing
  1528 | D        | Noticed a brown very ugly thing
  1529 | D        | Found the +3 salamander hide armour {Flames, rFlCloud rF++
                  | rC--}
  1530 | D        | Killed a white very ugly thing
  1530 | D        | Killed a purple very ugly thing
  1530 | D        | Killed a red very ugly thing
  1530 | D        | Killed a purple very ugly thing
  1530 | D        | Killed a green very ugly thing
  1531 | D        | Reached skill level 5 in Dodging
  1533 | D        | Found a transporter.
  1536 | D        | Reached skill level 21 in Invocations
  1540 | D        | Killed a red very ugly thing
  1541 | D        | Reached XP level 14. HP: 128/128 MP: 20/28
  1578 | D        | Got the Essays on the Voyage
  1585 | D        | Got the Encyclopedia of Grim Cold
  1606 | D        | Entered arena 19.
  1608 | D        | Noticed a balrug
  1608 | D        | Noticed a searing wretch
  1608 | D        | Noticed a fire giant
  1608 | D        | Noticed a balrug
  1609 | D        | Noticed a fire giant
  1609 | D        | Noticed a searing wretch
  1609 | D        | Noticed a searing wretch
  1609 | D        | Noticed a fire giant
  1609 | D        | Noticed a fire giant
  1609 | D        | Noticed a balrug
  1610 | D        | Killed a balrug
  1610 | D        | Killed a balrug
  1610 | D        | Killed a fire giant
  1610 | D        | Killed a fire giant
  1610 | D        | Killed a searing wretch
  1610 | D        | Killed a searing wretch
  1610 | D        | Killed a fire giant
  1611 | D        | Killed a searing wretch
  1611 | D        | Killed a fire giant
  1612 | D        | Reached skill level 10 in Evocations
  1612 | D        | Killed a balrug
  1613 | D        | Reached skill level 22 in Invocations
  1616 | D        | Killed a fire giant
  1617 | D        | Found a transporter.
  1781 | D        | Got the amulet of Nissoon {Acrobat Rampage}
  1789 | D        | Got the ring of Vipuh {+Blink Fly Str-2 Dex+4}
  1816 | D        | Entered arena 20.
  1823 | D        | Reached skill level 10 in Throwing
  1860 | D        | Found a transporter.
  1866 | D        | Got the ring of Baecror {rN+ MP+9 Str+4 Int-2 Slay+4}
  1911 | D        | Got the ring of Lup Wame {Will+ MP+9 Str+4 Slay-2}
  1940 | D        | Entered arena 21.
  1943 | D        | Noticed an acid blob
  1943 | D        | Noticed an azure jelly
  1944 | D        | Noticed an acid blob
  1944 | D        | Noticed a rockslime
  1944 | D        | Noticed an azure jelly
  1945 | D        | Noticed an acid blob
  1945 | D        | Noticed an acid blob
  1945 | D        | Noticed an acid blob
  1945 | D        | Noticed an acid blob
  1946 | D        | Killed an acid blob
  1946 | D        | Killed an azure jelly
  1946 | D        | Killed an acid blob
  1946 | D        | Killed an acid blob
  1946 | D        | Killed an acid blob
  1946 | D        | Noticed an azure jelly
  1947 | D        | Reached skill level 23 in Invocations
  1947 | D        | Reached XP level 15. HP: 137/137 MP: 30/30
  1947 | D        | Killed an acid blob
  1947 | D        | Killed an azure jelly
  1947 | D        | Killed an azure jelly
  1947 | D        | Killed a rockslime
  1947 | D        | Killed an acid blob
  2012 | D        | Found a transporter.
  2018 | D        | Got the amulet of Seibluf {Acrobat Int+3 SInv}
  2039 | D        | Got Rainu's Directory of Scintillating Modification
  2067 | D        | Entered arena 22.
  2069 | D        | Noticed a quicksilver elemental
  2070 | D        | Noticed an ancient champion
  2070 | D        | Noticed an iron giant
  2070 | D        | Noticed a quicksilver elemental
  2070 | D        | Noticed a caustic shrike
  2070 | D        | Noticed a caustic shrike
  2071 | D        | Noticed a Hell Sentinel
  2071 | D        | Noticed an ancient champion
  2071 | D        | Noticed a quicksilver elemental
  2071 | D        | Noticed a quicksilver elemental
  2071 | D        | Noticed an ancient champion
  2072 | D        | Killed a Hell Sentinel
  2072 | D        | Killed a caustic shrike
  2072 | D        | Killed a caustic shrike
  2072 | D        | Killed a quicksilver elemental
  2072 | D        | Killed a quicksilver elemental
  2072 | D        | Killed an ancient champion
  2072 | D        | Killed an ancient champion
  2072 | D        | Killed a quicksilver elemental
  2072 | D        | Killed a quicksilver elemental
  2072 | D        | Found the +10 zealot's sword {holy, Zealotry, *Rage rN+
                  | EV+3}
  2072 | D        | Noticed a caustic shrike
  2072 | D        | Noticed a quicksilver elemental
  2073 | D        | Reached skill level 24 in Invocations
  2073 | D        | Killed an ancient champion
  2073 | D        | Killed a quicksilver elemental
  2073 | D        | Killed a caustic shrike
  2073 | D        | Killed a caustic shrike
  2076 | D        | Killed a quicksilver elemental
  2076 | D        | Noticed an iron giant
  2077 | D        | Noticed a quicksilver elemental
  2080 | D        | Killed a quicksilver elemental
  2080 | D        | Killed an iron giant
  2081 | D        | Noticed an iron giant
  2085 | D        | Noticed a quicksilver elemental
  2085 | D        | Noticed a quicksilver elemental
  2097 | D        | Killed a quicksilver elemental
  2105 | D        | Killed an iron giant
  2125 | D        | Killed a quicksilver elemental
  2125 | D        | Killed an iron giant
  2126 | D        | Gained mutation: Your magical and physical power is
                  | slightly enhanced at high health. [demonic ancestry]
  2126 | D        | Reached XP level 16. HP: 59/149 MP: 6/32
  2150 | D        | Reached skill level 25 in Invocations
  2392 | D        | Found a transporter.
  2411 | D        | Got Voitaiwn's Notes on Prime Phlogiston
  2429 | D        | Got the ring of Liony {rC+ SInv}
  2450 | D        | Entered arena 23.
  2454 | D        | Noticed an electric golem
  2455 | D        | Noticed a storm dragon
  2455 | D        | Noticed a titan
  2455 | D        | Paralysed by an air elemental for 1 turns
  2455 | D        | Noticed a storm dragon
  2456 | D        | Noticed a storm dragon
  2456 | D        | Noticed a storm dragon
  2456 | D        | Noticed an electric golem
  2456 | D        | Noticed an electric golem
  2456 | D        | Noticed a storm dragon
  2456 | D        | Noticed a storm dragon
  2456 | D        | Noticed an electric golem
  2457 | D        | Noticed a titan
  2457 | D        | Noticed a titan
  2458 | D        | Killed a storm dragon
  2458 | D        | Killed an electric golem
  2458 | D        | Killed an electric golem
  2458 | D        | Killed a storm dragon
  2458 | D        | Killed a storm dragon
  2458 | D        | Killed a titan
  2458 | D        | Killed an electric golem
  2459 | D        | Reached skill level 15 in Evocations
  2459 | D        | Killed a storm dragon
  2459 | D        | Killed an electric golem
  2459 | D        | Killed a storm dragon
  2459 | D        | Noticed a storm dragon
  2460 | D        | Reached skill level 15 in Dodging
  2460 | D        | Killed a storm dragon
  2460 | D        | Killed a storm dragon
  2460 | D        | Killed a titan
  2460 | D        | Killed a titan
  2461 | D        | Reached skill level 26 in Invocations
  2575 | D        | Found the +9 staff of Wucad Mu {*channel}
  2576 | D        | Found the +8 trishula "Condemnation" {holy, anguish, *Noise
                  | Fly rN+}
  2577 | D        | Found a transporter.
  2593 | D        | Got the ring "Gaqu" {rElec rPois rC+ rCorr AC+4}
  2596 | D        | Got the Encyclopedia of Gases and Bodies
  2605 | D        | Got Vehumet's Precepts of Conjuration
  2651 | D        | Entered arena 24.
  2655 | D        | Noticed a storm dragon
  2656 | D        | Noticed a storm dragon
  2656 | D        | Noticed a storm dragon
  2656 | D        | Noticed a titan
  2656 | D        | Noticed a storm dragon
  2656 | D        | Paralysed by an air elemental for 1 turns
  2657 | D        | Noticed an electric golem
  2657 | D        | Noticed an electric golem
  2657 | D        | Noticed an electric golem
  2657 | D        | Noticed a storm dragon
  2657 | D        | Noticed a storm dragon
  2657 | D        | Noticed a titan
  2657 | D        | Noticed an electric golem
  2657 | D        | Noticed an electric golem
  2657 | D        | Noticed an electric golem
  2657 | D        | Noticed an electric golem
  2657 | D        | Noticed a storm dragon
  2657 | D        | Noticed a storm dragon
  2657 | D        | Identified the amulet of the Sky {Reflect Will+ Regen+
                  | Dex-4 SH+5}
  2658 | D        | Killed a titan
  2658 | D        | Killed a storm dragon
  2658 | D        | Killed a storm dragon
  2658 | D        | Noticed an electric golem
  2659 | D        | Reached skill level 15 in Throwing
  2659 | D        | Killed a storm dragon
  2659 | D        | Killed an electric golem
  2659 | D        | Killed a storm dragon
  2659 | D        | Killed a storm dragon
  2659 | D        | Killed a titan
  2659 | D        | Killed a storm dragon
  2659 | D        | Killed an electric golem
  2659 | D        | Killed an electric golem
  2659 | D        | Killed a storm dragon
  2659 | D        | Killed a storm dragon
  2659 | D        | Killed a storm dragon
  2659 | D        | Killed an electric golem
  2659 | D        | Killed an electric golem
  2659 | D        | Killed an electric golem
  2660 | D        | Reached skill level 27 in Invocations
  2660 | D        | Reached XP level 17. HP: 71/161 MP: 26/34
  2664 | D        | Found the +5 glaive of the Guard {elec, spectral, AC+5}
  2665 | D        | Found the ring of the Octopus King {Fly HP+2 AC+2 EV+2
                  | SH+2}
  2665 | D        | Found the +8 frozen axe "Frostbite" {freeze, freezing
                  | cloud, *Noise Fly rC+}
  2666 | D        | Found a transporter.
  2669 | D        | Killed an electric golem
  2679 | D        | Killed an electric golem
  2816 | D        | Got the Grimoire of Hyperthermia
  2823 | D        | Got a ring of the Octopus King {Fly HP+2 AC+2 EV+2 SH+2}
  2839 | D        | Got the Commentary on the Dimensional Lungs
  2882 | D        | Entered arena 25.
  2888 | D        | Noticed a titan
  2888 | D        | Noticed a titan
  2889 | D        | Noticed a titan
  2891 | D        | Killed a titan
  2891 | D        | Killed a titan
  2892 | D        | Killed a titan
  2896 | D        | Identified the +10 great mace of Tartarus {flame, *Corrode
                  | Fly Dex+2}
  2896 | D        | Found the +8 demon blade "Leech" {evervamp, Harm Drain rN+}
  2983 | D        | Found a transporter.
  2997 | D        | Got the ring of Entrepreneurial Spirit {rCorr Dex+2}
  3000 | D        | Got the Atlas of the Combative Mob
  3081 | D        | Entered arena 26.
  3090 | D        | Noticed a searing wretch
  3090 | D        | Noticed a searing wretch
  3090 | D        | Noticed an ancient lich
  3090 | D        | Noticed a searing wretch
  3090 | D        | Noticed a hellephant
  3090 | D        | Noticed a searing wretch
  3090 | D        | Noticed a Brimstone Fiend
  3091 | D        | Noticed a hellephant
  3091 | D        | Noticed a searing wretch
  3091 | D        | Noticed a searing wretch
  3091 | D        | Noticed a Brimstone Fiend
  3092 | D        | Noticed a hellephant
  3092 | D        | Noticed a hellephant
  3092 | D        | Noticed a searing wretch
  3092 | D        | Noticed a hellephant
  3092 | D        | Noticed a searing wretch
  3092 | D        | Noticed a hellephant
  3093 | D        | Killed a Brimstone Fiend
  3093 | D        | Killed a hellephant
  3093 | D        | Killed a hellephant
  3093 | D        | Killed an ancient lich
  3093 | D        | Killed a Brimstone Fiend
  3093 | D        | Noticed a searing wretch
  3094 | D        | Gained mutation: A powerful demonic guardian rushes to your
                  | aid. [demonic ancestry]
  3094 | D        | Reached XP level 18. HP: 49/177 MP: 35/35
  3094 | D        | Noticed a Brimstone Fiend
  3095 | D        | HP: 8/179 [searing wretch (20)]
  3095 | D        | Mangled by a searing wretch

Illustrated notes

Levels and vault maps discovered:
D:        sprint_v [room_start, room_1, room_2, room_3, room_4, room_5, room_6,
          room_7, room_8, room_9, room_10, room_11, room_12, room_13, room_14,
          room_15, room_16, room_17, room_18, room_19, room_20, room_21,
          room_22, room_23, room_24, room_25, room_26, room_27]

Skill      XL: |  1  2  3  4  5  6  7  8  9 10 11 12 13 14 15 16 17 |
---------------+----------------------------------------------------+-----
Fighting       | 4 5 6 8 9 11 12 14 15 17 18 20 22 25 | 25.0
Polearms       | 4 5 6 7 8 9 10 11 13 14 17 18 20 21 22 | 22.1
Armour         | 3 4 5 6 7 8 10 11 13 14 15 17 18 20 23 | 23.1
Shields        | 3 4 5 6 7 8 10 11 13 14 15 17 18 20 23 | 23.1
Invocations    | 2 3 4 6 8 9 11 13 15 17 19 21 23 24 27 | 27.0
Throwing       | 4 8 11 13 16 19 | 19.5
Evocations     | 4 8 11 14 17 21 | 21.0
Dodging        | 6 11 14 16 20 | 20.0

Action                     |  1- 3 |  4- 6 |  7- 9 | 10-12 | 13-15 | 16-18 || total
---------------------------+-------+-------+-------+-------+-------+-------++-------
  Melee: Lance             |    26 |    17 |    35 |    75 |    63 |    54 ||   270
         Tailslap          |       |       |     3 |    18 |    24 |    13 ||    58
 Invoke: Upheaval          |       |     3 |     4 |     2 |     2 |     1 ||    12
         Disaster Area     |       |       |       |     9 |    12 |    11 ||    32
         Elemental Force   |       |       |       |       |     2 |     2 ||     4
  Evoke: Condenser vane    |       |       |       |       |     2 |       ||     2
         Phial of floods   |       |       |       |       |     1 |       ||     1
         Box of beasts     |       |       |       |       |     1 |       ||     1
         Phantom mirror    |       |       |       |       |       |     2 ||     2
    Use: Potion            |     2 |       |       |       |     4 |     4 ||    10
         Scroll            |       |       |       |     2 |     1 |       ||     3
   Stab: Distracted        |       |       |       |       |       |     1 ||     1
 Armour: Fire dragon scale |    27 |     1 |     3 |    23 |       |       ||    54
         Plate armour      |       |       |       |     2 |    47 |    34 ||    83
  Dodge: Dodged            |     7 |     1 |     1 |     6 |    15 |    36 ||    66
         Repelled          |       |       |       |       |     2 |     1 ||     3
  Block: Kite shield       |    49 |    20 |    37 |    79 |   130 |    50 ||   365
         Reflection        |       |       |       |       |       |     2 ||     2

Table legend: (Time is in decaauts)
 A = Elapsed time spent in this place.
 B = Non-inter-level travel time spent in this place.
 C = Inter-level travel time spent in this place.
 D = Time resting spent in this place.
 E = Time spent auto-exploring this place.
 F = Levels seen in this place.
 G = Mean time per level.
                   A        B        C        D        E       F      G
               +--------+--------+--------+--------+--------+-----+--------+
         Total |   2979 |   2829 |    150 |    204 |   1737 |   1 | 2979.0 |
       Dungeon |   2979 |   2829 |    150 |    204 |   1737 |   1 | 2979.0 |
               +--------+--------+--------+--------+--------+-----+--------+

Top non-repeatable levels by time:
       D: 2979 daAuts
